 Dungeon Crawl Stone Soup version 0.32-a0-933-ga8fa3634e4 (webtiles) character file.

Game seed: 10083661783700456782

205250 Berder the Tortoise (level 18, -9/170 HPs)
             Began as an Armataur Fighter on Apr 14, 2024.
             Was the Champion of Okawaru.
             Mangled by a bunyip (26 damage)
             ... on level 3 of the Swamp on Apr 15, 2024.
             The game lasted 01:31:07 (33281 turns).

Berder the Tortoise (Armataur Fighter)             Turns: 33281, Time: 01:31:08

Health: -9/170     AC: 41    Str: 35    XL:     18   Next: 3%
Magic:  26/26      EV:  4    Int:  9    God:    Okawaru [******]
Gold:   549        SH:  5    Dex: 10    Spells: 17/17 levels left

rFire   . . .        a - +1 demon whip (heavy)
rCold   + . .        L - +0 buckler
rNeg    + + .        I - +3 plate armour of the Fiddle {rN+ SInv}
rPois   +            s - +2 hat
rElec   .            D - +1 cloak {rPois}
rCorr   .            B - +0 pair of gloves
SInv    +            E - +1 barding "Cumoaj" {rC+ Stlth+}
Will    +....        R - amulet of faith Stlth
                     y - +6 ring of strength
HPRegen 1.13/turn    H - ring of Kathenotheism {rN+ AC+4 Slay+6}
MPRegen 0.53/turn

%: roll, faith
@: about to teleport, hasted, very quick
A: large, deformed body, tough skin 3, armoured tail, rollpage 2, iridescent
scales 1
}: 1/15 runes: gossamer
a: Renounce Religion, Heroism, Finesse, Duel


You were on level 3 of the Swamp.
You worshipped Okawaru.
Okawaru was exalted by your worship.
You visited 6 branches of the dungeon, and saw 30 of its levels.
You also visited: Bailey.

You collected 2919 gold pieces.
You spent 2370 gold pieces at shops.

Inventory:

Hand Weapons
 a - a +1 heavy demon whip (weapon)
 b - the +8 whip "Snakebite" {venom, curare, rPois}
   (You found it on level 3 of the Lair of Beasts)

   rPois:     It protects you from poison.
 c - a +5 eveningstar of draining
Missiles
 m - 41 poisoned darts (quivered)
 N - 3 throwing nets
Armour
 s - a +2 hat (worn)
 B - a +0 pair of gloves (worn)
 D - a +1 cloak of poison resistance (worn)
 E - the +1 barding "Cumoaj" (worn) {rC+ Stlth+}
   (You acquired it on level 5 of the Lair of Beasts)

   rC+:       It protects you from cold.
   Stlth+:    It makes you more stealthy.
 I - the +3 plate armour of the Fiddle (worn) {rN+ SInv}
   (Okawaru gifted it to you on level 5 of the Lair of Beasts)

   rN+:       It protects you from negative energy.
   SInv:      It lets you see invisible.
 J - the +9 ring mail "Jablo" {Regen+ Int+2}
   (You found it on level 13 of the Dungeon)

   Int+2:     It affects your intelligence (+2).
   Regen+:    It increases your rate of health regeneration.
 K - +0 gold dragon scales
 L - a +0 buckler (worn)
Jewellery
 n - a ring of protection from cold
 y - a +6 ring of strength (left hand)
 F - a +4 ring of slaying
 H - the ring of Kathenotheism (right hand) {rN+ AC+4 Slay+6}
   (You bought it in a shop on level 15 of the Dungeon)

   [ring of protection]

   AC+4:      It affects your AC (+4).
   Slay+6:    It affects your accuracy & damage with ranged weapons and melee
   (+6).
   rN+:       It protects you from negative energy.
 M - a ring of fire
 R - an amulet of faith (around neck)
 Y - a +6 ring of strength
Wands
 f - a wand of polymorph (5)
 j - a wand of digging (7)
 p - a wand of quicksilver (8)
 u - a wand of flame (64)
 z - a wand of iceblast (23)
 A - a wand of mindburst (10)
Scrolls
 d - a scroll of silence
 e - a scroll of blinking
 o - 4 scrolls of amnesia
 q - 8 scrolls of teleportation
 t - 3 scrolls of poison
 x - 4 scrolls of revelation
 C - 4 scrolls of vulnerability
 P - 3 scrolls of fog
 Q - 2 scrolls of enchant armour
 S - 5 scrolls of immolation
Potions
 g - 7 potions of ambrosia
 h - 4 potions of brilliance
 i - 8 potions of curing
 k - 8 potions of haste
 l - 2 potions of berserk rage
 r - 7 potions of heal wounds
 v - 2 potions of magic
 w - 3 potions of enlightenment
 G - 3 potions of invisibility
 O - 4 potions of cancellation
 T - a potion of mutation
 U - 4 potions of might
 W - a potion of resistance
Miscellaneous
 Z - a condenser vane (inert)


   Skills:
 + Level 17.5 Fighting
 - Level 16.0 Maces & Flails
 + Level 20.4 Armour
 - Level 8.8 Shields
 + Level 10.7 Invocations
 - Level 5.2 Evocations


You had 17 spell levels left.
You didn't know any spells.
Your spell library contained the following spells:

 Spells                   Type           Power      Damage    Failure   Level
 Apportation              Tloc           0%         N/A       83%         1
 Kiss of Death            Conj/Necr      0%         2d5       83%         1
 Blink                    Tloc           0%         N/A       92%         2
 Ensorcelled Hibernation  Hex/Ice        0%         N/A       92%         2
 Jinxbite                 Hex            0%         N/A       92%         2
 Lesser Beckoning         Tloc           0%         N/A       92%         2
 Mercury Vapours          Alch/Air       0%         N/A       92%         2
 Momentum Strike          Conj/Tloc      0%         3d8       92%         2
 Sublimation of Blood     Necr           0%         N/A       92%         2
 Confusing Touch          Hex            0%         N/A       99%         3
 Hailstorm                Conj/Ice       0%         3d5       99%         3
 Mephitic Cloud           Conj/Alch/Air  0%         N/A       99%         3
 Passwall                 Erth           0%         N/A       99%         3
 Stone Arrow              Conj/Erth      0%         3d7       99%         3
 Swiftness                Air            0%         N/A       99%         3
 Dispel Undead            Necr           0%         3d6       100%        4
 Olgreb's Toxic Radiance  Alch           0%         N/A       100%        4
 Passage of Golubria      Tloc           0%         N/A       100%        4
 Petrify                  Alch/Erth      0%         N/A       100%        4
 Alistair's Intoxication  Alch           0%         N/A       100%        5
 Freezing Cloud           Conj/Ice/Air   0%         6-21      100%        5
 Irradiate                Conj/Alch      0%         3d11      100%        5
 Silence                  Hex/Air        0%         N/A       100%        5
 Permafrost Eruption      Ice/Erth       0%         2x4d1     100%        6
 Ozocubu's Refrigeration  Ice            0%         4d7       100%        7
 Discord                  Hex            0%         N/A       100%        8
 Lehudib's Crystal Spear  Conj/Erth      0%         10d2      100%        8
 Summon Small Mammal      Summ           Unusable   N/A       N/A         1
 Call Canine Familiar     Summ           Unusable   N/A       N/A         3
 Summon Ice Beast         Ice/Summ       Unusable   N/A       N/A         3
 Animate Armour           Summ/Erth      Unusable   N/A       N/A         4
 Summon Blazeheart Golem  Fire/Summ      Unusable   N/A       N/A         4
 Sculpt Simulacrum        Ice/Alch       Unusable   N/A       N/A         6

Dungeon Overview and Level Annotations

Branches:
Dungeon (15/15)            Temple (1/1) D:7            Lair (5/5) D:10
  Swamp (3/4) Lair:2       Spider (4/4) Lair:3        Slime (0/5) Lair:5
    Orc (2/2) D:12            Elf (0/3) Orc:2        Vaults (0/5) D:13
 Depths (0/4) D:15         Bailey (visited)

Altars:
Ashenzari
Cheibriados
Dithmenos
Elyvilon
Fedhas
Gozag
Hepliaklqana
Kikubaaqudgha
Makhleb
Nemelex Xobeh
Okawaru
Qazlal
Ru
Sif Muna
Trog
Uskayaw
Vehumet
Wu Jian
Xom
Yredelemnul
Zin
The Shining One
Beogh

Shops:
D:5 [   D:10 *   D:15 =   Orc:1 (   Orc:2 (!:**

Portals:
Abyss: Swamp:1
Pandemonium: Orc:2

Annotations:
D:14 2 transporters, exclusion: orange crystal statue
Lair:5 2 transporters, Adrian566's ghost, journeyman DsGl
Swamp:1 2 transporters, NotBatman's ghost, adept DrEE


Innate Abilities, Weirdness & Mutations

Armour fits poorly on your strangely shaped body.
You have extremely tough skin. (AC +3)
You have a long armoured tail.
You regenerate magic and health when rolling toward enemies. (Rampage Regen)
You are partially covered in iridescent scales. (AC +2)


Message History

You miss the swamp worm.
The swamp worm is heavily wounded.
You block the swamp worm's attack.
You completely miss the swamp worm.
The swamp worm is heavily wounded.
The bunyip claws you!! x2
* * * LOW HITPOINT WARNING * * *
The bunyip claws you but does no damage.
The spriggan rider hits you but does no damage.
The swamp worm bites you but does no damage.
Blink to where?
Press: ? - help, Dir - move target
As you read the scroll of blinking, it crumbles to dust.
The spriggan druid casts a spell.
The forest starts to sway and rumble!
You feel yourself speed up.
Okay, then.
Unknown command.
Unknown command.
Okay, then.
Unknown command.
The trees move their gnarly branches around.
Aiming: Iceblast
Press: ? - help, Shift-Dir - straight line, f - you
Okay, then.
Unknown command.
As you read the scroll of teleportation, it crumbles to dust.
You feel strangely unstable.
The bunyip howls a warning cry!
You feel roots moving beneath the ground.
The swamp worm fires a harpoon shot at you.
The harpoon shot hits you!
* * * LOW HITPOINT WARNING * * *
You are yanked forward by the harpoon shot.
Splash!
You fall into the shallow water.
The spriggan rider hits you from afar with a +0 heavy spear!
* * * LOW HITPOINT WARNING * * *
The bunyip claws you!!
You die...

~[~~~~>......~.~
~~~~~~~~~~~.~~~.♣.
~.~~~~~~~§~~~~~.~~
§~~~~~~..~~~.~~.~♣
.~~~~~...~......~♣
...~~§~....~~...~♣ ~~~~~~
~♣.~~~i~~~~~~..♣ ♣....?
♣♣♣ixw~~.~~~..♣ ♣♣~~...
♣~~@...~~~§.♣ ♣.§§~~.
♣♣~~††~~~~~^♣ ♣~~~~~
♣♣...~~~~~.♣ ♣..§).
♣♣♣♣♣....~~~~.~♣♣♣♣
♣~..†♣♣§....~~~~~~~~....♣
♣)†~.♣†~...~~~~~~.~~.♣
♣....~.~~...~~§~~~~~~♣
♣[~..♣♣♣♣♣~♣♣♣..~~~♣♣ ♣
♣.~..♣ ♣♣♣♣.~.~~~.♣


You could see a bunyip (strong), a spriggan rider, a spriggan druid and a swamp
worm (strong).

Vanquished Creatures
  Rupert (Lair:4)
  Mlioglotl (Spider:4)
  The ghost of gosagan the Pyromancer, an adept DrHW of Sif Muna (Spider:4)
  Gastronok (Lair:3)
  A thorn hunter (Swamp:1)
  8 emperor scorpions
  4 ghost moths
  A broodmother (Spider:4)
  2 eleionomae
  3 bunyips
  4 spark wasps
  4 entropy weavers
  A fire dragon (Lair:5)
  Josephine (D:13)
  Erolcha (Orc:1)
  Fannar (D:12)
  4 ghost crabs
  2 radroaches (Spider:4)
  13 hydras
  3 demonspawn (Orc:2)
  7 alligators
  2 ogre magi
  8 boulder beetles
  A catoblepas (Lair:5)
  5 centaur warriors
  9 two-headed ogres
  12 death yaks
  A hell hog (Lair:5)
  A tengu warrior (D:14)
  3 demonic crawlers
  5 orc high priests
  A spriggan berserker (Swamp:3)
  2 occultists (D:13)
  Nergalle (D:11)
  Amaemon (D:9)
  A skyshark (Lair:4)
  5 pharaoh ants
  5 goliath frogs
  A mana viper (shapeshifter) (D:15)
  A glowing orange brain (D:15)
  8 orb spiders
  2 spriggan druids
  5 swamp dragons
  A sun moth (Spider:4)
  A shadow demon (Spider:4)
  2 arcanists (D:13)
  The ghost of joemur96 the Shooter, a novice OnHs of Hepliaklqana (D:6)
  A necromancer (D:13)
  5 orc knights
  An obsidian bat (Orc:1)
  Pikel (D:4)
  5 deep elf pyromancers
  2 bog bodies
  15 wolf spiders
  A lindwurm (Lair:5)
  The ghost of pokedragonboy the Prestidigitator, a novice CoAr (D:6)
  3 steelbarb worms
  8 orc sorcerers (Orc:2)
  19 ugly things
  6 cyclopes
  5 manticores
  6 meliai
  2 kobold blastminers (Orc:2)
  5 moths of wrath
  3 will-o-the-wisps
  A meliai (shapeshifter) (D:14)
  4 elephants (Lair:5)
  A black mamba (shapeshifter) (D:13)
  4 molten gargoyles (D:12)
  A gargoyle (D:11)
  4 black mambas
  3 orange demons
  9 torpor snails
  2 rust devils
  12 cane toads
  A rime drake (Lair:4)
  Jeremiah (D:7)
  2 unseen horrors (D:10)
  10 komodo dragons
  An efreet (D:13)
  A queen bee (shapeshifter) (D:15)
  Psyche (D:11)
  A tengu conjurer (D:13)
  6 trolls
  A polar bear (shapeshifter) (D:14)
  8 tyrant leeches
  19 tarantellas
  25 hornets
  11 polar bears
  4 raiju
  5 blink frogs (Lair:2)
  24 jumping spiders
  9 spriggans
  15 slime creatures
  20 culicivoras
  4 shadows
  A wyvern (D:7)
  A centaur simulacrum (D:13)
  8 wraiths
  2 neqoxecs (Orc:2)
  Eustachio (D:6)
  4 basilisks
  2 steam dragons
  37 yaks
  A fire bat (Orc:1)
  7 wargs
  A golden eye (shapeshifter) (D:15)
  43 redbacks
  8 vampire mosquitoes
  Menkaure (D:4)
  13 swamp worms
  15 hell hounds
  5 acid dragons
  21 water moccasins
  Duvessa (D:6)
  A swamp drake (Swamp:1)
  26 orc warriors
  2 ice beasts (D:6)
  14 black bears
  A crocodile (Lair:4)
  9 ogres
  18 centaurs
  21 wolves
  2 lemures
  A phantom (D:7)
  A kobold brigand (D:8)
  16 bullfrogs
  A gnoll sergeant (D:10)
  12 scorpions
  3 wights (D:7)
  Dowan (D:6)
  8 killer bees
  3 electric eels
  A howler monkey (D:13)
  A lava snake (D:12)
  2 bombardier beetles
  2 hounds
  2 jellies
  A gnoll bouda (D:7)
  27 orc priests
  Crazy Yiuf (D:7)
  A sleepcap (D:7)
  Ijyb (D:4)
  An iguana (D:3)
  12 orc wizards
  6 hell rats (Lair:3)
  8 gnolls
  10 adders
  A shadow imp (D:6)
  2 white imps (D:7)
  8 ufetubi
  2 dart slugs
  5 ribbon worms
  75 orcs
  14 endoplasms
  6 giant cockroaches
  6 goblins
  6 hobgoblins
  4 jackals (D:2)
  3 quokkas
  7 ball pythons
  6 bats
  2 frilled lizards (D:1)
  15 kobolds
  3 rats
  A butterfly (D:5)
1002 creatures vanquished.

Vanquished Creatures (others)
  A hornet (Swamp:3)
  16 foxfires
17 creatures vanquished.

Grand Total: 1019 creatures vanquished

Notes
Turn   | Place    | Note
-------+----------+-------------------------------------------
     0 | D:1      | Berder the Armataur Fighter began the quest for the Orb.
     0 | D:1      | Reached XP level 1. HP: 18/18 MP: 1/1
     2 | D:1      | Noticed a vampire
     4 | D:1      | Noticed a tengu
     4 | D:1      | Noticed a merfolk
     6 | D:1      | Noticed a minotaur
     8 | D:1      | Noticed an oni
     8 | D:1      | Noticed a felid
    10 | D:1      | Noticed a demigod
    10 | D:1      | Noticed a formicid
    14 | D:1      | Noticed a human
    14 | D:1      | Noticed a djinni
    16 | D:1      | Noticed a ghoul
    16 | D:1      | Noticed a troll
    18 | D:1      | Noticed a barachi
    18 | D:1      | Noticed a draconian
    20 | D:1      | Noticed a dwarf
    20 | D:1      | Noticed an octopode
    22 | D:1      | Noticed a gargoyle
    22 | D:1      | Noticed a demonspawn
    24 | D:1      | Noticed an elf
    24 | D:1      | Noticed a vine stalker
    26 | D:1      | Noticed an armataur
    26 | D:1      | Noticed a naga
    28 | D:1      | Noticed a spriggan
   263 | D:1      | Reached XP level 2. HP: 26/26 MP: 2/2
   948 | D:2      | Reached XP level 3. HP: 33/33 MP: 3/3
  1656 | D:3      | Reached XP level 4. HP: 25/41 MP: 4/4
  1753 | D:3      | Reached skill level 5 in Fighting
  1844 | D:3      | Reached XP level 5. HP: 30/48 MP: 5/5
  2093 | D:3      | Found a faded altar of an unknown god.
  2322 | D:4      | Noticed a black bear
  2329 | D:4      | Killed a black bear
  2330 | D:4      | Reached XP level 6. HP: 45/58 MP: 6/6
  2476 | D:4      | Noticed Menkaure
  2654 | D:4      | Noticed Ijyb
  2663 | D:4      | Killed Ijyb
  2885 | D:4      | Killed Menkaure
  2886 | D:4      | Gained mutation: You regenerate magic and health when
                  | rolling toward enemies. (Rampage Regen) [Armataur growth]
  2886 | D:4      | Reached XP level 7. HP: 48/64 MP: 7/7
  3018 | D:4      | Noticed Pikel
  3053 | D:4      | Killed Pikel
  3054 | D:4      | Reached XP level 8. HP: 51/71 MP: 8/8
  3216 | D:5      | Entered Level 5 of the Dungeon
  3266 | D:5      | Found Woffehet's Antique Armour Emporium.
  3391 | D:5      | Found a runed translucent door.
  3393 | D:5      | Found a runed translucent door.
  3764 | D:5      | Found a glowing silver altar of Zin.
  3765 | D:5      | Found a shimmering blue altar of Sif Muna.
  3843 | D:5      | Gained mutation: You have a somewhat thin skeletal
                  | structure. (Dex +2, Stealth+) [potion of mutation]
  3843 | D:5      | Gained mutation: You are frail. (-10% HP) [potion of
                  | mutation]
  3843 | D:5      | Gained mutation: You are somewhat resistant to further
                  | mutation. [potion of mutation]
  3870 | D:5      | Reached XP level 9. HP: 21/69 MP: 9/9
  4223 | D:6      | Found a glowing golden altar of the Shining One.
  4407 | D:6      | Reached skill level 10 in Maces & Flails
  4505 | D:6      | Found a runed translucent gate.
  4505 | D:6      | Found a runed translucent gate.
  4505 | D:6      | Found a runed translucent gate.
  4506 | D:6      | Noticed pokedragonboy's ghost (novice CoAr)
  4507 | D:6      | Noticed joemur96's ghost (novice OnHs)
  4625 | D:6      | Noticed Duvessa
  4633 | D:6      | Noticed Dowan
  4854 | D:7      | Lost mutation: You are somewhat resistant to further
                  | mutation. [potion of mutation]
  4854 | D:7      | Lost mutation: You are frail. (-10% HP) [potion of
                  | mutation]
  4854 | D:7      | Lost mutation: You have a somewhat thin skeletal structure.
                  | (Dex +2, Stealth+) [potion of mutation]
  4854 | D:7      | Gained mutation: You are partially covered in iridescent
                  | scales. (AC +2) [potion of mutation]
  4909 | D:7      | Found a staircase to the Ecumenical Temple.
  4920 | Temple   | Entered the Ecumenical Temple
  4929 | Temple   | Became a worshipper of Warmaster Okawaru
  4984 | D:7      | Reached skill level 1 in Evocations
  5057 | D:7      | Noticed Jeremiah
  5079 | D:7      | Killed Jeremiah
  5436 | D:7      | Found a runed translucent door.
  5437 | D:7      | Noticed Crazy Yiuf
  5654 | D:7      | Killed Crazy Yiuf
  5716 | D:8      | Reached * piety under Okawaru
  5748 | D:8      | Found a flagged portal.
  5758 | Bailey   | Entered a bailey
  5796 | Bailey   | Reached XP level 10. HP: 80/84 MP: 10/10
  5834 | Bailey   | Reached ** piety under Okawaru
  5841 | Bailey   | Reached skill level 5 in Evocations
  6099 | Bailey   | Noticed a two-headed ogre
  6103 | Bailey   | Killed a two-headed ogre
  6512 | D:8      | Noticed a two-headed ogre
  6519 | D:8      | Killed a two-headed ogre
  6519 | D:8      | Reached *** piety under Okawaru
  6739 | D:8      | Found an ornate altar of the Wu Jian Council.
  6749 | D:8      | Reached skill level 1 in Invocations
  6921 | D:9      | Noticed Amaemon
  6922 | D:9      | Noticed an orange demon
  7307 | D:9      | Found a shadowy altar of Dithmenos.
  7315 | D:9      | Reached skill level 5 in Invocations
  7426 | D:9      | Killed Amaemon
  7427 | D:9      | Reached XP level 11. HP: 41/93 MP: 13/15
  7734 | D:10     | Entered Level 10 of the Dungeon
  7791 | D:10     | Reached **** piety under Okawaru
  8047 | D:10     | Found Relo's Overcharged Wands.
  8441 | D:10     | Found a staircase to the Lair.
  8680 | D:10     | Reached ***** piety under Okawaru
  8778 | D:10     | Reached skill level 4 in Armour
  8913 | D:11     | Reached skill level 5 in Armour
  8971 | D:11     | Found a broken altar of Ashenzari.
  8991 | D:11     | Noticed a two-headed ogre
  9005 | D:11     | Killed a two-headed ogre
  9133 | D:11     | Reached skill level 6 in Armour
  9197 | D:11     | Noticed Psyche
  9201 | D:11     | Killed Psyche
  9338 | D:11     | Noticed Nergalle
  9468 | D:11     | Received a gift from Okawaru
  9486 | D:11     | Killed Nergalle
  9487 | D:11     | Reached skill level 7 in Armour
  9651 | D:11     | Noticed a two-headed ogre
  9664 | D:11     | Killed a two-headed ogre
  9919 | Lair:1   | Entered Level 1 of the Lair of Beasts
 10082 | Lair:1   | Noticed a boulder beetle
 10109 | Lair:1   | Killed a boulder beetle
 10110 | Lair:1   | Reached skill level 8 in Armour
 10110 | Lair:1   | Reached XP level 12. HP: 105/105 MP: 18/18
 10280 | Lair:1   | Found a blossoming altar of Fedhas.
 10534 | Lair:1   | Reached skill level 9 in Armour
 10540 | Lair:1   | Reached skill level 10 in Fighting
 10697 | Lair:1   | Received a gift from Okawaru
 10954 | Lair:2   | Noticed a five-headed hydra
 10960 | Lair:2   | Killed a five-headed hydra
 11148 | Lair:2   | Reached skill level 10 in Armour
 11336 | Lair:2   | Found a staircase to the Swamp.
 11466 | Lair:2   | Received a gift from Okawaru
 11471 | Lair:2   | Reached skill level 11 in Armour
 12232 | Lair:3   | Found a hole to the Spider Nest.
 12379 | Lair:3   | Noticed a six-headed hydra
 12393 | Lair:3   | Killed a six-headed hydra
 12638 | Lair:3   | Reached XP level 13. HP: 96/116 MP: 19/19
 12730 | Lair:3   | Noticed Gastronok
 12821 | Lair:3   | Reached skill level 12 in Armour
 13219 | Lair:3   | Received a gift from Okawaru
 13230 | Lair:3   | Found the +8 whip "Snakebite" {venom, curare, rPois}
 13473 | Lair:3   | Killed Gastronok
 13869 | Lair:4   | Found a radiant altar of Vehumet.
 13912 | Lair:4   | Noticed Rupert
 13926 | Lair:4   | Noticed Nessos
 14271 | D:6      | Killed Duvessa
 14277 | D:6      | Killed Dowan
 14436 | D:6      | Killed joemur96's ghost
 14445 | D:6      | Killed pokedragonboy's ghost
 14446 | D:6      | Reached skill level 13 in Armour
 14593 | Lair:4   | Nessos changed into Nessos the crocodile
 14593 | Lair:4   | Noticed Nessos
 14601 | Lair:4   | Killed Nessos the crocodile
 14665 | Lair:4   | Received a gift from Okawaru
 14777 | Lair:4   | Killed Rupert
 14783 | Lair:4   | Reached skill level 14 in Armour
 15065 | Lair:4   | Received a gift from Okawaru
 15880 | Lair:5   | Entered Level 5 of the Lair of Beasts
 16083 | Lair:5   | Reached XP level 14. HP: 123/129 MP: 20/20
 16387 | Lair:5   | Reached skill level 15 in Armour
 16483 | Lair:5   | Found a transporter.
 16491 | Lair:5   | Found a transporter.
 16496 | Lair:5   | Found a bloodstained altar of Trog.
 16524 | Lair:5   | Reached ****** piety under Okawaru
 16871 | Lair:5   | Acquired the +3 plate armour of the Fiddle {rN+ SInv}
 16871 | Lair:5   | Received a gift from Okawaru
 16929 | Lair:5   | Acquired a +5 eveningstar of draining
 16929 | Lair:5   | Received a gift from Okawaru
 16985 | Lair:5   | Noticed Adrian566's ghost (journeyman DsGl)
 17245 | Lair:5   | Received a gift from Okawaru
 17561 | Lair:5   | Received a gift from Okawaru
 17760 | Lair:5   | Found a staircase to the Slime Pits.
 17871 | Lair:5   | Reached skill level 5 in Shields
 17909 | Lair:5   | Identified a scroll of acquirement
 17912 | Lair:5   | Acquired the +1 barding "Cumoaj" {rC+ Stlth+}
 18360 | D:5      | Bought a fine plate armour for 728 gold pieces
 18360 | D:5      | Identified the +0 plate armour "Gypreich" {Will- MP+9
                  | Dex+4} (You bought it in a shop on level 5 of the Dungeon)
 18389 | D:6      | Noticed Eustachio
 18401 | D:6      | Killed Eustachio
 18580 | D:12     | Noticed Fannar
 18592 | D:12     | Killed Fannar
 18605 | D:12     | Reached skill level 16 in Armour
 18608 | D:12     | Found a staircase to the Orcish Mines.
 18620 | D:12     | Found a roughly hewn altar of Beogh.
 18751 | D:12     | Received a gift from Okawaru
 19695 | Orc:1    | Entered Level 1 of the Orcish Mines
 19695 | Orc:1    | Found a roughly hewn altar of Beogh.
 19949 | Orc:1    | Found Sefahat's Antique Weapon Emporium.
 20018 | Orc:1    | Found a shimmering altar of Xom.
 20199 | Orc:1    | Noticed Erolcha
 20208 | Orc:1    | Killed Erolcha
 20365 | Orc:2    | Entered Level 2 of the Orcish Mines
 20451 | Orc:2    | Found a staircase to the Elven Halls.
 20610 | Orc:2    | Received a gift from Okawaru
 20710 | Orc:2    | Found Wianec's General Store.
 20913 | Orc:2    | Found Uweitt's Distillery.
 21414 | Orc:2    | Found Neylex's General Store.
 21498 | Orc:2    | Reached XP level 15. HP: 122/139 MP: 18/21
 21897 | Orc:2    | Received a gift from Okawaru
 21912 | Orc:2    | Found Nedeid's Book Shop.
 21912 | Orc:2    | Found Qelor's Antique Weapon Boutique.
 21912 | Orc:2    | Found a one-way gate leading to the halls of Pandemonium.
 22048 | Orc:2    | Bought a potion of might for 52 gold pieces
 22048 | Orc:2    | Bought a potion of might for 52 gold pieces
 22048 | Orc:2    | Bought a potion of might for 52 gold pieces
 22048 | Orc:2    | Bought a potion of heal wounds for 65 gold pieces
 22054 | Orc:2    | Upgraded the game from 0.32-a0-931-g5a2cda0630 to
                  | 0.32-a0-933-ga8fa3634e4
 22119 | D:13     | Noticed Josephine
 22357 | D:13     | Found a gate to the Vaults.
 22637 | D:13     | Received a gift from Okawaru
 22638 | D:13     | Reached skill level 15 in Fighting
 22663 | D:13     | Reached skill level 17 in Armour
 23060 | D:13     | Killed Josephine
 23251 | D:13     | Identified the +8 hand axe of Tavef {vamp, rElec rCorr MP+9
                  | Dex+2}
 23278 | D:13     | Received a gift from Okawaru
 23492 | D:13     | Identified the +9 ring mail "Jablo" {Regen+ Int+2}
 24083 | D:14     | Found a transporter.
 24105 | D:14     | Found a transporter.
 24107 | D:14     | Found the +3 Mad Mage's Maulers {Infuse+∞ VampMP -Cast}
 24133 | D:14     | Received a gift from Okawaru
 24150 | D:14     | Reached XP level 16. HP: 130/149 MP: 22/22
 24688 | D:15     | Entered Level 15 of the Dungeon
 24740 | D:15     | Reached skill level 18 in Armour
 24844 | D:15     | Found Gutupsov's Jewellery Boutique.
 25010 | D:15     | Received a gift from Okawaru
 25703 | D:15     | Found a staircase to the Depths.
 25904 | Spider:1 | Entered Level 1 of the Spider Nest
 25917 | Lair:3   | Received a gift from Okawaru
 26211 | Spider:1 | Reached skill level 15 in Maces & Flails
 26446 | D:15     | Bought the ring of Kathenotheism {rN+ AC+4 Slay+6} for 1375
                  | gold pieces
 26607 | Orc:2    | Bought a scroll of identify for 22 gold pieces
 26637 | Orc:2    | Bought a scroll of identify for 24 gold pieces
 26827 | Spider:1 | Received a gift from Okawaru
 27260 | Spider:2 | Identified the +3 war axe of Pandemonium {elec, Fly rF+
                  | rC+}
 27590 | Spider:2 | Received a gift from Okawaru
 28583 | Spider:3 | Received a gift from Okawaru
 28895 | Spider:4 | Entered Level 4 of the Spider Nest
 29180 | Spider:4 | Reached XP level 17. HP: 152/159 MP: 20/23
 29240 | Spider:4 | Reached skill level 19 in Armour
 29258 | Spider:4 | Received a gift from Okawaru
 29327 | Spider:4 | Identified the +3 rapier "Lehiumyi" {heavy, rF+ rN+ rCorr
                  | Dex-3}
 29613 | Spider:4 | Noticed Mlioglotl
 29957 | Spider:4 | Killed Mlioglotl
 30184 | Spider:4 | Got a gossamer rune of Zot
 30488 | Spider:4 | Found a runed translucent gate.
 30488 | Spider:4 | Found a runed translucent gate.
 30489 | Spider:4 | Found a runed translucent gate.
 30490 | Spider:4 | Noticed gosagan's ghost (adept DrHW)
 30523 | Spider:4 | Received a gift from Okawaru
 30696 | Spider:4 | Killed gosagan's ghost
 30946 | Spider:4 | Identified the +1 pair of boots of the Thoughtful Cities
                  | {+Inv rElec Int+4 Dex-2}
 31222 | Swamp:1  | Entered Level 1 of the Swamp
 31402 | Swamp:1  | Received a gift from Okawaru
 31534 | Swamp:1  | Found a transporter.
 31543 | Swamp:1  | Found a transporter.
 31553 | Swamp:1  | Noticed a profane servitor
 31555 | Swamp:1  | Noticed NotBatman's ghost (adept DrEE)
 31569 | Swamp:1  | Found a one-way gate to the infinite horrors of the Abyss.
 31928 | Swamp:2  | Reached skill level 10 in Invocations
 31941 | Swamp:2  | Reached skill level 20 in Armour
 32609 | Swamp:3  | Received a gift from Okawaru
 33237 | Swamp:3  | Reached XP level 18. HP: 141/170 MP: 25/25
 33281 | Swamp:3  | Mangled by a bunyip

Illustrated notes

Levels and vault maps discovered:
D:1:      kb_arrival_jail, layout_basic
D:2:      layout_loops_ring
D:3:      layout_basic, dreamdust_ecumenical_altar_sealed_demon
D:4:      layout_rooms, uniq_menkaure, uniq_ijyb, uniq_pikel
D:5:      lemuel_insect_pit, layout_basic, gammafunk_temple_overflow_statue,
          serial_shops, kennysheep_little_box
D:6:      layout_basic, tso_altar, serial_glass, glass_columns_b,
          glass_columns_a, glass_columns_a, glass_columns_a, glass_columns_a,
          glass_columns_c, gammafunk_ghost_cemetery, uniq_duvessa,
          uniq_eustachio
D:7:      layout_basic, minmay_temple_entry_gardened_gates, dk_noncrumbling_4,
          minmay_misc_feat_columns, uniq_crazy_yiuf_cottage, uniq_jeremiah
D:8:      layout_rooms, nicolae_wu_jian_immortal_techniques, enter_bailey_3
D:9:      layout_cave_pools, grunt_dithmenos_shadows, uniq_amaemon
D:10:     layout_loops_corners, grunt_lair_entry_orc_guard_hut,
          nicolae_shop_overcharged_wands
D:11:     layout_roguey, nicolae_ashenzari_skybound, uniq_nergalle, uniq_psyche
D:12:     layout_gridville, david_orc_5, minivault_8, uniq_fannar
D:13:     minmay_the_grid_octo_triangle [minmay_the_grid_octo_clover_2,
          minmay_the_grid_octo_prize_big_c, minmay_the_grid_octo_fan_narrow],
          layout_rooms, david_vaults_1, pond, uniq_josephine
D:14:     gammafunk_sealed_arena, layout_rooms, nicolae_water_bricks,
          kennysheep_generic_room_6
D:15:     gammafunk_enter_depths_forms, layout_basic, serial_shops, shop,
          serial_glass, glass_columns_b, glass_columns_b
Temple:   sentei_temple_godly_chess
Lair:1:   layout_chaotic_city, basic_altar, chequers_serial_rivers_micro_a,
          st_stairs_13
Lair:2:   layout_regular_city, minmay_swamp_entry_worms,
          grunt_forest_stairs_clearing
Lair:3:   minmay_guarded_unrand_snakebite, layout_gridlike,
          nicolae_spider_entry_orb_guardian, uniq_gastronok
Lair:4:   layout_loops_ring, basic_altar, infiniplex_staircase_pool,
          uniq_nessos, uniq_rupert
Lair:5:   hangedman_lair_caniforms_friends, layout_regular_city, wormcave,
          dpeg_slime_entry_enclosed, gammafunk_ghost_wrathful_warriors
Swamp:1:  layout_basic_swamp, gammafunk_ghost_abyssal_escape,
          evilmike_swamp_ruin_house_6, swamp_pool_1_2, hangedman_swamp_pad
Swamp:2:  layout_basic_swamp, nicolae_swamp_small_spring
Swamp:3:  layout_basic_swamp, evilmike_swamp_ruin_house_4, swamp_pool_3
Spider:1: layout_spider_delve
Spider:2: layout_spider_delve
Spider:3: layout_spider_delve, hive_lemuel
Spider:4: grunt_spider_rune_circles, gammafunk_ghost_tricky_traps,
          nicolae_spider_paper_wasps, uniq_mlioglotl
Orc:1:    layout_caves, basic_altar, serial_shops, shop,
          regret_index_xom_of_box, uniq_erolcha
Orc:2:    pf_orc_diabolical, layout_caves, serial_shops,
          nicolae_shop_tiny_statue_garden

Skill      XL: |  1  2  3  4  5  6  7  8  9 10 11 12 13 14 15 16 17 |
---------------+----------------------------------------------------+-----
Fighting       | 3 4 5 6 7 9 11 13 14 15 16 17 | 17.5
Maces & Flails | 3 6 9 11 12 14 16 | 16.0
Evocations     | 4 5 |  5.2
Invocations    | 5 8 10 | 10.7
Armour         | 8 11 14 16 17 18 20 | 20.4
Shields        | 6 8 |  8.8

Action                     |  1- 3 |  4- 6 |  7- 9 | 10-12 | 13-15 | 16-18 || total
---------------------------+-------+-------+-------+-------+-------+-------++-------
  Melee: Flail             |   101 |   112 |   273 |   165 |       |       ||   651
         Tailslap          |    16 |    13 |    35 |   122 |   292 |   172 ||   650
         Demon whip        |       |       |       |   527 |   172 |   383 ||  1082
         Whip              |       |       |       |       |  1118 |       ||  1118
         Eveningstar       |       |       |       |       |   229 |   554 ||   783
  Throw: Dart              |     5 |       |       |     3 |     5 |       ||    13
 Invoke: Heroism           |       |       |       |     1 |     8 |     3 ||    12
         Finesse           |       |       |       |       |     3 |     7 ||    10
         Receive Weapon    |       |       |       |       |     1 |       ||     1
         Receive Armour    |       |       |       |       |     1 |       ||     1
  Evoke: Wand              |       |       |       |     9 |     3 |     2 ||    14
         Condenser vane    |       |       |       |       |     1 |     1 ||     2
    Use: Potion            |       |     1 |     9 |     2 |     3 |     5 ||    20
         Scroll            |       |     1 |       |    15 |     6 |    16 ||    38
   Stab: Distracted        |       |       |       |       |     1 |       ||     1
         Petrified         |       |       |       |       |     6 |       ||     6
         Confused          |       |       |       |       |     1 |       ||     1
         Sleeping          |       |       |       |       |       |     2 ||     2
 Armour: Scale mail        |    64 |    76 |   235 |     9 |       |       ||   384
         Swamp dragon scal |       |       |       |   430 |   259 |       ||   689
         Plate armour      |       |       |       |       |   839 |   944 ||  1783
         Ring mail         |       |       |       |       |    78 |   214 ||   292
  Dodge: Dodged            |    36 |    30 |    97 |   154 |   234 |   168 ||   719
  Block: Buckler           |    18 |    17 |    63 |    99 |   222 |   241 ||   660

Table legend: (Time is in decaauts)
 A = Elapsed time spent in this place.
 B = Non-inter-level travel time spent in this place.
 C = Inter-level travel time spent in this place.
 D = Time resting spent in this place.
 E = Time spent auto-exploring this place.
 F = Levels seen in this place.
 G = Mean time per level.
                   A        B        C        D        E       F      G
               +--------+--------+--------+--------+--------+-----+--------+
         Total |  32150 |  29554 |   2596 |   5820 |  15439 |  31 | 1037.1 |
       Dungeon |  15254 |  13795 |   1459 |   2445 |   7286 |  15 | 1016.9 |
        Temple |     18 |     18 |      0 |      0 |      0 |   1 |   18.0 |
          Lair |   7468 |   6892 |    576 |    948 |   4247 |   5 | 1493.6 |
         Swamp |   2037 |   1912 |    125 |    506 |    911 |   3 |  679.0 |
   Spider Nest |   4521 |   4274 |    247 |    987 |   2030 |   4 | 1130.2 |
  Orcish Mines |   2326 |   2139 |    187 |    656 |    920 |   2 | 1163.0 |
        Bailey |    523 |    523 |      0 |    278 |     45 |   1 |  523.0 |
               +--------+--------+--------+--------+--------+-----+--------+

Top non-repeatable levels by time:
  Lair:5: 1947 daAuts
  Lair:3: 1793 daAuts
Spider:4: 1715 daAuts
    D:13: 1704 daAuts
  Lair:4: 1390 daAuts
    D:12: 1306 daAuts
  Lair:2: 1268 daAuts
   Orc:2: 1243 daAuts
    D:10: 1241 daAuts
 Swamp:2: 1146 daAuts
    D:15: 1140 daAuts
    D:11: 1127 daAuts
     D:7: 1104 daAuts
Spider:3: 1083 daAuts
   Orc:1: 1082 daAuts
